 Dungeon Crawl Stone Soup version 0.23-a0-703-gdf2d5e0dd9 (webtiles) character file.

9 Azzok the Firebug (level 2, 19/19 HPs)
             Began as a Demonspawn Fire Elementalist on Jan 13, 2019.
             Quit the game on level 1 of the Dungeon.
             The game lasted 00:00:31 (304 turns).

Azzok the Firebug (Demonspawn Fire Elementalist)     Turns: 304, Time: 00:00:31

Health: 19/19      AC:  2    Str:  8    XL:     2   Next: 3%
Magic:  5/5        EV: 12    Int: 16    God:
Gold:   0          SH:  0    Dex: 13    Spells: 4/5 levels left

rFire    . . .     SeeInvis .   (no weapon)
rCold    . . .     Gourm    .   (no shield)
rNeg     . . .     Faith    .   a - +0 robe
rPois    .         Spirit   .   (helmet restricted)
rElec    .         Reflect  .   (no cloak)
rCorr    .         Harm     .   (no gloves)
MR       .....                  (no boots)
Stlth    ++........             (no amulet)
HPRegen  0.06/turn              (no ring)
MPRegen  0.09/turn              (no ring)

@: no status effects
A: horns 1
a: no special abilities


You were on level 1 of the Dungeon.
You were not hungry.

You visited 1 branch of the dungeon, and saw 1 of its levels.

Inventory:

Armour
 a - a +0 robe (worn)
Comestibles
 b - a chunk of flesh
 c - a ration


   Skills:
 - Level 1.7 Dodging
 - Level 1.7 Stealth
 + Level 2.2 Spellcasting
 + Level 1.4 Conjurations
 + Level 2.9 Fire Magic


You had 4 spell levels left.
You knew the following spells:

 Your Spells              Type           Power        Failure   Level  Hunger
a - Flame Tongue          Conj/Fire      #....        9%          1    #......

Your spell library contained the following spells:

 Spells                   Type           Power        Failure   Level  Hunger
 Throw Flame              Conj/Fire      #.....       13%         2    ###....
 Conjure Flame            Conj/Fire      #.......     26%         3    ###....
 Inner Flame              Hex/Fire       #.......     32%         3    ###....
 Sticky Flame             Conj/Fire      #.......     63%         4    #####..
 Fireball                 Conj/Fire      #.........   93%         5    ######.


Dungeon Overview and Level Annotations

Branches:
Dungeon (1/15)

Altars:


Innate Abilities, Weirdness & Mutations

You have a pair of small horns on your head.


Message History

You kill the kobold!
Your magical contamination has completely faded away.
A leopard gecko is nearby!
Casting: Flame Tongue (safe; 9% risk of failure)
Confirm with . or Enter, or press ? or * to list all spells.
Aiming: Flame Tongue (safe; 9% risk of failure)
Press: ? - help, Shift-Dir - straight line, f - leopard gecko
Aim: a leopard gecko (clinging)
The flame tongue hits the leopard gecko.
You kill the leopard gecko!
You have reached level 2!
You feel monstrous as your demonic heritage exerts itself.
Your demonic ancestry asserts itself...
A pair of horns grows on your head!
* * * LOW MAGIC WARNING * * *
You butcher the leopard gecko corpse.
b - a chunk of flesh You see here a leopard gecko skeleton. x2
Found 13 arrows.
Are you sure you want to abandon this character and quit the game? (Confirm with "yes".)

▒(▒ ▒·▒ ▒·▒▒▒▒ ▒·▒
▒·K··▒▒▒▒▒▒ ···
▒····'····· ▒ ▒·▒
▒··(K▒▒▒▒▒▒ ▒·▒··
▒·········▒ ▒·▒·▒▒▒
▒·····▒▒▒·▒ ▒····(▒
▒·······▒·▒ ▒@▒
▒▒▒▒▒▒▒▒▒(▒ ▒·▒ ▒······▒
▒·▒ ▒·▒▒▒▒▒▒ ▒·▒
▒▒······· ▒·▒ ▒▒÷······▒
▒·▒ ▒▒··▒▒▒▒▒·· ▒·▒
▒▒▒▒··▒·····▒·
▒▒▒▒·▒▒▒····▒·······▒
▒▒╬▒··········▒····<····


There were no monsters in sight!

Vanquished Creatures
  A leopard gecko (D:1)
  3 hobgoblins (D:1)
  3 kobolds (D:1)
7 creatures vanquished.

Notes
Turn   | Place    | Note
-------+----------+-------------------------------------------
     0 | D:1      | Azzok the Demonspawn Fire Elementalist began the quest for
                  | the Orb.
     0 | D:1      | Reached XP level 1. HP: 13/13 MP: 3/3
   232 | D:1      | Gained mutation: You have a pair of small horns on your
                  | head. [demonic ancestry]
   232 | D:1      | Reached XP level 2. HP: 19/19 MP: 0/5
   304 | D:1      | Quit the game

Vault maps used:
D:1:      scummos_arrival_hexagon, st_stairs_8, hex_medium,
          chequers_serial_rivers_small_3

Action                   || total
-------------------------++-------
Melee: Unarmed           ||     3
 Cast: Flame Tongue      ||    11
Armor: Robe              ||     2
Dodge: Dodged            ||     3

Table legend:
 A = Non-vault XP
 B = Vault XP
 C = Vault XP percentage of total XP
 D = Non-vault monster count
 E = Vault monster count
 F = Vault count percentage of total count
                 A         B        C        D         E       F
            +---------+---------+-------+---------+---------+-------
      Total |      10 |       3 |  23.1 |       6 |       1 |  14.3
            +---------+---------+-------+---------+---------+-------
        D:1 |      10 |       3 |  23.1 |       6 |       1 |  14.3
            +---------+---------+-------+---------+---------+-------
